 Dungeon Crawl Stone Soup version 0.27.0-1-g7a089689b8 (webtiles) character file.

Game seed: 16284379264301368913

30 Almightybob the Skirmisher (level 3, 0/23 HPs)
             Began as a Gargoyle Chaos Knight on Aug 8, 2021.
             Was a Plaything of Xom.
             Slain by a ball python (2 damage)
             ... on level 1 of the Dungeon.
             The game lasted 00:01:36 (696 turns).

Almightybob the Skirmisher (Gargoyle Chaos Knight)   Turns: 696, Time: 00:01:36

Health: 0/23       AC:  8    Str: 16    XL:     3   Next: 20%
Magic:  3/3        EV:  8    Int: 12    God:    Xom [*.....]
Gold:   21         SH:  0    Dex:  9    Spells: 2/2 levels left

rFire    . . .     SeeInvis .   e - +0 mace
rCold    . . .     Faith    .   (no shield)
rNeg     + . .     Spirit   .   b - +2 leather armour
rPois    ∞         Reflect  .   (no helmet)
rElec    +         Harm     .   (no cloak)
rCorr    .         Rampage  .   (no gloves)
Will     .....                  (no boots)
Stlth    +.........             (no amulet)
HPRegen  0.07/turn              (no ring)
MPRegen  0.08/turn              (no ring)

@: constricted
A: sickness immunity, AC +3, negative energy resistance 1, electricity
resistance, torment resistance 1, petrification resistance
a: Renounce Religion


You were on level 1 of the Dungeon.
You worshipped Xom.
You were a special plaything of Xom.
You visited 1 branch of the dungeon, and saw 1 of its levels.

You collected 21 gold pieces.

Inventory:

Hand Weapons
 a - a +0 mace of chaos
 e - a +0 mace (weapon)
Missiles
 c - 37 stones (quivered)
Armour
 b - a +2 leather armour (worn)
Scrolls
 d - a scroll of identify {unknown}


   Skills:
 + Level 3.6 Fighting
 * Level 3.5 Maces & Flails
 + Level 2.6 Armour
 + Level 1.2 Dodging


You had 2 spell levels left.
You didn't know any spells.
Your spell library contained the following spells:

 Spells                   Type           Power      Damage    Failure   Level
 Animate Dead             Necr           0%         N/A       98%         4
 Haunt                    Necr/Summ      0%         N/A       100%        7
 Infestation              Necr           0%         N/A       100%        8


Dungeon Overview and Level Annotations

Branches:
Dungeon (1/15)

Altars:
Xom


Innate Abilities, Weirdness & Mutations

You are immune to sickness and miasma.
Your stone body is resilient. (AC +3)
You are immune to poison.
You resist negative energy. (rN+)
You are resistant to electric shocks. (rElec)
You are resistant to unholy torment.
You are immune to petrification.


Message History

Xom complains about the scenery.
You see here a rat corpse.
The bat hits you but does no damage. The bat misses you.
The bat closely misses you. The bat closely misses you.
You see here a +0 dagger.
You see here a +0 dagger of venom.
The bat barely misses you. The bat hits you but does no damage.
The bat hits you but does no damage. The bat barely misses you.
The bat closely misses you. The bat hits you.
The bat hits you but does no damage. The bat closely misses you.
The bat barely misses you.
You barely miss the bat. The bat closely misses you.
You hit the gnoll.
The gnoll is almost dead.
The gnoll misses you.
You barely miss the gnoll.
The gnoll is almost dead.
The gnoll hits you but does no damage.
You hit the gnoll but do no damage.
The gnoll is almost dead.
The gnoll hits you with a +0 club.
* * * LOW HITPOINT WARNING * * *
You hit the gnoll.
You kill the gnoll!
The bat closely misses you.
The ball python bites you but does no damage.
The ball python grabs you. The ball python constricts you.
You have reached level 3!
Your experience leads to an increase in your attributes!
Increase (S)trength, (I)ntelligence, or (D)exterity?
You feel stronger.
You closely miss the ball python. The ball python bites you.
* * * LOW HITPOINT WARNING * * *
The ball python constricts you.
You barely miss the ball python. The ball python bites you.
* * * LOW HITPOINT WARNING * * *
The ball python constricts you. The ball python bites you.
You die...
Xom yawns loudly!

####### #.....#
#.....#### #........#
##.....##.# .......##)#
.##....##.#############
.###.#...).)..KS@.....#
b# #.#########b###..#.#
## #....# #.# #..#.#
####.######.###..#.#
#.##...)........#
#.##.###.##...#.#
#.##.# #.##..##.#
#.##.# #.##...#.#
#.##.#
#.#......########


You could see a bat, a ball python and a kobold.

Vanquished Creatures
  A gnoll (D:1)
  A dart slug (D:1)
  A ball python (D:1)
  2 giant cockroaches (D:1)
  6 goblins (D:1)
  A kobold (D:1)
  A quokka (D:1)
  2 bats (D:1)
  A frilled lizard (D:1)
  A rat (D:1)
17 creatures vanquished.

Notes
Turn   | Place    | Note
-------+----------+-------------------------------------------
     0 | D:1      | Almightybob the Gargoyle Chaos Knight began the quest for
                  | the Orb.
     0 | D:1      | Reached XP level 1. HP: 14/14 MP: 1/1
   163 | D:1      | Reached skill level 1 in Dodging
   163 | D:1      | Reached XP level 2. HP: 15/19 MP: 2/2
   257 | D:1      | XOM: noise
   349 | D:1      | Found a faded altar of an unknown god.
   349 | D:1      | XOM: 6-stop teleportation journey
   619 | D:1      | XOM: smoke on damage
   631 | D:1      | XOM: scenery: create altars
   695 | D:1      | Reached XP level 3. HP: 6/23 MP: 3/3
   696 | D:1      | Slain by a ball python

Illustrated notes

Levels and vault maps discovered:
D:1:      dpeg_arrival_rhombi, layout_loops_ring, basic_ecumenical_altar,
          minmay_distorted

Skill      XL: |  1 |
---------------+----+-----
Dodging        | 1 |  1.2
Fighting       | |  3.6
Maces & Flails | |  3.5
Armour         | |  2.6

Action                   || total
-------------------------++-------
Melee: Mace              ||    55
Armor: Leather armour    ||    27
Dodge: Dodged            ||    41
